 Dungeon Crawl Stone Soup version 0.29.1-15-g9cfb28693d (webtiles) character file.

Game seed: 13360088101932058974

37 FexLirch the Chopper (level 3, -3/31 HPs)
             Began as a Minotaur Delver on Feb 27, 2023.
             Slain by a scorpion (6 damage)
             ... on level 4 of the Dungeon.
             The game lasted 00:02:02 (652 turns).

FexLirch the Chopper (Minotaur Delver)               Turns: 652, Time: 00:02:02

Health: -3/31      AC:  5    Str: 18    XL:     3   Next: 23%
Magic:  2/2        EV: 11    Int:  7    God:
Gold:   23         SH:  0    Dex: 11    Spells: 2/2 levels left

rFire   . . .      SeeInvis .   a - +0 hand axe
rCold   . . .      Faith    .   (no shield)
rNeg    . . .      Spirit   .   b - +0 leather armour
rPois   .          Reflect  .   (helmet restricted)
rElec   .          Harm     .   (no cloak)
rCorr   .          Rampage  .   (no gloves)
Will    .....                   (no boots)
Stlth   ++........              (no amulet)
HPRegen 0.10/turn               (no ring)
MPRegen 0.08/turn               (no ring)

@: lethally poisoned (-3 -> -18)
A: horns 2, retaliatory headbutt, iridescent scales 1, wild magic 1
a: no special abilities


You were on level 4 of the Dungeon.
You visited 1 branch of the dungeon, and saw 3 of its levels.

You collected 23 gold pieces.

Inventory:

Hand Weapons
 a - a +0 hand axe (weapon)
Armour
 b - a +0 leather armour (worn)
Wands
 g - a wand of digging (3)
Scrolls
 c - a scroll of fog
 d - a scroll of magic mapping
 e - a scroll of fear
 i - a scroll of identify {unknown}
 k - a scroll of torment {unknown}
Potions
 f - a potion of haste
 j - a potion of resistance {unknown}


   Skills:
 - Level 3.6 Fighting
 + Level 4.5 Axes
 - Level 2.1 Dodging
 - Level 4.1 Stealth


You had 2 spell levels left.
You didn't know any spells.
Your spell library was empty.

Dungeon Overview and Level Annotations

Branches:
Dungeon (6/15)
 Temple: D:4-7

Altars:

Shops:
D:5 [


Innate Abilities, Weirdness & Mutations

You have a pair of horns on your head.
You reflexively headbutt those who attack you in melee.
You are partially covered in iridescent scales. (AC +2)
Your spells are a little harder to cast, but a little more powerful.


Message History

There is an open door here.
You hit the scorpion. You headbutt the scorpion!
The scorpion is heavily wounded.
The endoplasm quivers.
The scorpion stings you.
You are poisoned.
The scorpion poisons you!
You hit the scorpion but do no damage.
The scorpion is heavily wounded.
You feel very sick. The scorpion stings you.
You are more poisoned.
The scorpion poisons you!
The endoplasm jiggles.
You hit the scorpion but do no damage. Your headbutt misses the scorpion.
The scorpion is heavily wounded.
You feel very sick. The scorpion barely misses you. You furiously retaliate!
You headbutt the scorpion. You hit the scorpion. You headbutt the scorpion.
The scorpion is severely wounded.
You feel very sick. The scorpion stings you.
You are more poisoned.
The scorpion poisons you! The scorpion barely misses you.
You furiously retaliate!
You headbutt the scorpion, but do no damage.
You hit the scorpion.
The scorpion is almost dead.
* * * LOW HITPOINT WARNING * * *
You feel very sick. The scorpion barely misses you. You furiously retaliate!
You headbutt the scorpion, but do no damage.
It was a potion of mutation.
You feel extremely strange.
Iridescent scales grow over part of your body.
You feel less in control of your magic.
* * * LOW HITPOINT WARNING * * *
You feel very sick. The scorpion stings you.
You die...

##..### .........J
....... .........
....... .........
....... ........ .......
........ .(<....
.......##########.......
....s..#.......s@.J.....
..####...########.......
.......### .......
#...#### ####### ##>.#
####


You could see a scorpion and an endoplasm.

Vanquished Creatures
  A hound (D:5)
  4 orcs (D:5)
5 creatures vanquished.

Notes
Turn   | Place    | Note
-------+----------+-------------------------------------------
     0 | D:5      | FexLirch the Minotaur Delver began the quest for the Orb.
     0 | D:5      | Reached XP level 1. HP: 19/19 MP: 0/0
     4 | D:5      | Found Ucemee's Armour Emporium.
    31 | D:6      | Noticed a water moccasin
    90 | D:5      | Noticed a hound
   100 | D:5      | Reached XP level 2. HP: 15/26 MP: 1/1
   407 | D:5      | Reached XP level 3. HP: 28/31 MP: 2/2
   628 | D:5      | Noticed a water moccasin
   631 | D:4      | Noticed a scorpion
   652 | D:4      | Gained mutation: You are partially covered in iridescent
                  | scales. (AC +2) [potion of mutation]
   652 | D:4      | Gained mutation: Your spells are a little harder to cast,
                  | but a little more powerful. [potion of mutation]
   652 | D:4      | Slain by a scorpion

Illustrated notes

Levels and vault maps discovered:
D:4:      layout_basic, nicolae_vehumet_altar_sigil, mainiacjoe_overflow_catwalk
D:5:      layout_layer_cave, serial_shops, shop, uniq_prince_ribbit1
D:6:      layout_loops_cross, nzn_overflow_gifts_of_might_and_magic,
          minmay_temple_entry_glass, serial_shops, shop,
          serial_co_window_serial, co_window_paths_a, co_window_paths_a,
          co_window_paths_a, co_window_corner_a, co_window_corner_a,
          co_window_of_opportunity_a, co_window_paths_c,
          co_window_unsneaky_path_c, co_window_corner_b, co_window_4corner_b,
          glass_columns_a, glass_columns_a, minmay_bent

Skill      XL: |  1  2 |
---------------+-------+-----
Axes           | 3 4 |  4.5
Fighting       | |  3.6
Dodging        | |  2.1
Stealth        | |  4.1

Action                   || total
-------------------------++-------
Melee: Hand axe          ||    20
       Headbutt          ||     6
  Use: Scroll            ||     1
       Potion            ||     1
Armor: Leather armour    ||     2
Dodge: Dodged            ||    12
